AoeStats
← alberto735

Arabia

509710609Analyzed
1v1 RM · 5d ago on Sep 27, 2026· 49m 37s· 2 players
Game mode
Random Map
Map size
Tiny (2 player)
Population
200
Speed
Normal
Resources
Standard
Victory
Conquest
Starting age
Dark Age
Ending age
Imperial Age
RankedLock teamsTeams togetherTeam positionsShared explorationLock speedFull tech treeHidden civsTurbo modeCheats
Victory
Defeat
🇧🇴 Magyars · Bolivia
1305
+14
🇩🇪 Portuguese · Germany
1268
-14
onliner98
6:34 Loom
8:51 Feudal Age
14:54 Fletching
20:58 Castle Age
19:05 Gold Mining
19:05 Double-Bit Axe
19:26 Horse Collar
19:38 Gold Mining
21:15 Padded Archer Armor
21:39 Bodkin Arrow
21:07 Crossbowman
39:28 Imperial Age
37:33 Wheelbarrow
39:10 Scale Barding Armor
39:17 Forging
39:08 Scale Mail Armor
39:25 Leather Archer Armor
39:41 Ballistics
39:35 Pikeman
40:24 Bracer
41:27 Arbalester
44:37 Chemistry
43:00 Elite Skirmisher
46:38 Ring Archer Armor
46:24 Chain Mail Armor
46:18 Halberdier
alberto735
5:32 Loom
8:57 Feudal Age
9:32 Double-Bit Axe
9:29 Horse Collar
16:49 Wheelbarrow
16:39 Town Watch
20:11 Castle Age
19:36 Scale Barding Armor
19:45 Gold Mining
20:29 Bloodlines
22:03 Husbandry
24:35 Chain Barding Armor
28:15 Elite Skirmisher
30:52 Fletching
31:03 Padded Archer Armor
32:02 Bodkin Arrow
40:05 Imperial Age
39:14 Ballistics
40:23 Thumb Ring
40:52 Bow Saw
41:19 Gold Shaft Mining
40:48 Heavy Plow
41:24 Cavalier
43:04 Bracer
43:20 Leather Archer Armor
49:09 Chemistry
48:04 Murder Holes
Connection lost

Rejoining the realm…

Still unreachable

The connection could not be restored.

Session expired

The server has moved on; the page needs a fresh start.